 Dungeon Crawl Stone Soup version 0.26-a0-1086-g9010512d90 (webtiles) character file.

Game seed: 2232152614840692564

204 sokol815 the Sneak (level 5, -5/31 HPs)
             Began as an Octopode Earth Elementalist on Dec 14, 2020.
             Killed by nerve-wracking pain
             ... invoked by an orc priest
              (10 damage)
             ... on level 6 of the Dungeon.
             The game lasted 00:09:00 (3490 turns).

sokol815 the Sneak (Octopode Earth Elementalist)    Turns: 3490, Time: 00:09:01

Health: -5/31      AC:  1    Str:  7    XL:     5   Next: 82%
Magic:  3/8        EV: 13    Int: 18    God:
Gold:   70         SH:  0    Dex: 13    Spells: 4/8 levels left

rFire    . . .     SeeInvis .   a - +3 whip
rCold    . . .     Faith    .   (no shield)
rNeg     . . .     Spirit   .   (helmet restricted)
rPois    .         Reflect  .   (no amulet)
rElec    .         Harm     .   (no ring)
rCorr    .         Rampage  .   (no ring)
Will     .....                  (no ring)
Stlth    ++++......             (no ring)
HPRegen  0.10/turn              (no ring)
MPRegen  0.11/turn              (no ring)
                                (no ring)
                                (no ring)

@: no status effects
A: almost no armour, stealthy swim, amphibious, 8 rings, constrict 8, camouflage
1, gelatinous body 1
a: no special abilities


You were on level 6 of the Dungeon.
You visited 1 branch of the dungeon, and saw 4 of its levels.

You collected 70 gold pieces.

Inventory:

Hand Weapons
 a - a +3 whip (weapon)
 h - a +0 club
Missiles
 b - 44 stones (quivered)
 c - 32 sling bullets
 i - 27 bolts
Scrolls
 d - 2 scrolls of blinking {unknown}
 e - a scroll of teleportation {unknown}
 f - 2 scrolls of identify
 g - 2 scrolls of remove curse {unknown}
 j - a scroll of magic mapping {unknown}
 k - a scroll of fog {unknown}
 m - a scroll of enchant armour {unknown}
 n - a scroll of random uselessness {unknown}
Potions
 l - a potion of brilliance
 o - a potion of resistance {unknown}
 p - a potion of lignification


   Skills:
 - Level 2.0 Dodging
 - Level 5.0 Stealth
 - Level 2.0 Spellcasting
 * Level 2.3 Conjurations
 - Level 2.0 Transmutations
 * Level 4.4 Earth Magic


You had 4 spell levels left.
You knew the following spells:

 Your Spells              Type           Power        Failure   Level
a - Sandblast             Erth           ###...       3%          1
b - Stone Arrow           Conj/Erth      ##....       14%         3

Your spell library contained the following spells:

 Spells                   Type           Power        Failure   Level
 Passwall                 Tmut/Erth      ##......     7%          2
 Petrify                  Tmut/Erth      ##......     43%         4
 Lee's Rapid Deconstruct  Erth           ###.......   63%         5


Dungeon Overview and Level Annotations

Branches:
Dungeon (3/15)

Altars:
Zin

Shops:
D:2 *


Innate Abilities, Weirdness & Mutations

You cannot wear most types of armour.
You are very stealthy in the water. (Stealth+)
You are amphibious.
You can wear up to eight rings at the same time.
You can use your tentacles to constrict eight enemies at once.
Your skin changes colour to match your surroundings (Stealth+).
Your rubbery body absorbs attacks. (AC +1, EV +1)


Message History

Casting: Sandblast (safe; 3% risk of failure)
Confirm with . or Enter, or press ? or * to list all spells.
Aiming: Sandblast (safe; 3% risk of failure)
Press: ? - help, Shift-Dir - straight line, f/p - orc priest
Aim: an orc priest, wielding a +0 morningstar and wearing a +0 leather armour (lightly wounded, 21% to evade)
The blast of sand hits the orc priest.
The orc priest is moderately wounded.
b - 45 stones The orc priest misses you.
Casting: Sandblast (safe; 3% risk of failure)
Confirm with . or Enter, or press ? or * to list all spells.
Aiming: Sandblast (safe; 3% risk of failure)
Press: ? - help, Shift-Dir - straight line, f/p - orc priest
Aim: an orc priest, wielding a +0 morningstar and wearing a +0 leather armour (moderately wounded, 21% to evade)
The blast of sand hits the orc priest!
The orc priest is severely wounded.
b - 44 stones The orc priest mumbles some strange prayers to Beogh against you.
Pain shoots through your body!
You die...

#...## #....+
#...## #####...##
#...o....#
#.######.# #....
###.##.# #.#
#....##..o##.# #.#
#....##...@..# #.#
#)...##..###.# #.#
#....##..# #.# #.#
#....##..###.###.#
#....##..........#
#.........##.#####
####.##.#.##.#
#.##.#.##.#
#.##.#....#


You could see an orc priest.

Vanquished Creatures
  Jessica (D:2)
  Natasha (thrice) (D:2)
  A worker ant (D:2)
  An adder (D:2)
  2 ufetubi (D:6)
  2 dart slugs (D:2)
  A leopard gecko (D:2)
  An orc (D:3)
  7 bats
  7 giant cockroaches
  3 goblins
  5 hobgoblins
  5 jackals
  A quokka (D:3)
  3 frilled lizards
  4 kobolds
  12 rats
59 creatures vanquished.

Notes
Turn   | Place    | Note
-------+----------+-------------------------------------------
     0 | D:1      | sokol815 the Octopode Earth Elementalist began the quest
                  | for the Orb.
     0 | D:1      | Reached XP level 1. HP: 11/11 MP: 3/3
   230 | D:1      | Reached skill level 3 in Stealth
   243 | D:1      | Reached XP level 2. HP: 9/17 MP: 5/5
   778 | D:1      | Reached XP level 3. HP: 12/21 MP: 6/6
   864 | D:1      | Reached skill level 4 in Stealth
  1276 | D:2      | Noticed Jessica
  1948 | D:2      | Killed Jessica
  1949 | D:2      | Reached XP level 4. HP: 27/27 MP: 2/7
  1999 | D:2      | Learned a level 3 spell: Stone Arrow
  2244 | D:2      | Found Zin's Purification Station.
  2250 | D:2      | Found a glowing silver altar of Zin.
  2320 | D:2      | Noticed Natasha
  2327 | D:2      | Killed Natasha
  2328 | D:2      | Reached skill level 5 in Stealth
  2328 | D:2      | Reached skill level 1 in Conjurations
  2341 | D:2      | Reached XP level 5. HP: 12/31 MP: 3/8
  2904 | D:2      | Noticed Natasha
  2919 | D:2      | Killed Natasha
  2976 | D:2      | Noticed Natasha
  2982 | D:2      | Killed Natasha
  3356 | D:3      | You fall into a shaft and drop 3 floors!
  3490 | D:6      | Killed from afar by an orc priest

Illustrated notes

Levels and vault maps discovered:
D:1:      arrival_zaba_pyramid, layout_loops_ring
D:2:      layout_loops_corners, zin_purify, minmay_octomino_e4, uniq_jessica,
          uniq_natasha
D:3:      layout_basic, serial_corexii_hall, chequers_hall_statues_y,
          corexii_hall_statues_deadend, corexii_hall_statues_i,
          corexii_hall_statues_u, st_stairs_10
D:6:      layout_basic, elyvilon_altar_5, eat_drink_and_be_merry_uskayaw,
          minmay_temple_entry_gardened_gates, uniq_grinder, uniq_eustachio

Skill      XL: |  1  2  3  4  5 |
---------------+----------------+-----
Stealth        | 3 4 5 |  5.0
Transmutations | 2 |  2.0
Conjurations   | 1 2 |  2.3
Earth Magic    | 4 |  4.4
Dodging        | |  2.0
Spellcasting   | |  2.0

Action                   |  1- 3 |  4- 6 || total
-------------------------+-------+-------++-------
Melee: Club              |    19 |       ||    19
       Constrict         |    16 |     9 ||    25
       Unarmed           |     4 |       ||     4
       Tentacles         |     7 |     5 ||    12
       Whip              |    49 |    47 ||    96
 Cast: Sandblast         |     6 |    20 ||    26
  Use: Potion            |       |     1 ||     1
       Scroll            |       |     2 ||     2
 Stab: Sleeping          |    13 |    12 ||    25
Armor: Skin              |     4 |     7 ||    11
Dodge: Dodged            |    37 |    47 ||    84

Table legend: (Time is in decaauts)
 A = Elapsed time spent in this place.
 B = Non-inter-level travel time spent in this place.
 C = Inter-level travel time spent in this place.
 D = Time resting spent in this place.
 E = Time spent auto-exploring this place.
 F = Levels seen in this place.
 G = Mean time per level.
                   A        B        C        D        E       F      G
               +--------+--------+--------+--------+--------+-----+--------+
         Total |   3505 |   3321 |    184 |   1621 |   1229 |   4 |  876.2 |
       Dungeon |   3505 |   3321 |    184 |   1621 |   1229 |   4 |  876.2 |
               +--------+--------+--------+--------+--------+-----+--------+

Top non-repeatable levels by time:
     D:2: 1515 daAuts
     D:1: 1507 daAuts
     D:3: 348 daAuts
     D:6: 134 daAuts
